 Dungeon Crawl Stone Soup version 0.32-a0 (webtiles) character file.

Game seed: 12707353908505080194

3290 Hopman the Cleaver (level 10, -1/90 HPs)
             Began as a Hill Orc Fighter on Jan 13, 2024.
             Was a Believer of Makhleb.
             Succumbed to a kobold brigand's curare-tipped dart
             ... on level 8 of the Dungeon.
             The game lasted 00:30:27 (6418 turns).

Hopman the Cleaver (Hill Orc Fighter)               Turns: 6418, Time: 00:30:28

Health: -1/90      AC: 17    Str: 30    XL:     10   Next: 1%
Magic:  14/14      EV:  7    Int:  8    God:    Makhleb [**....]
Gold:   175        SH:  5    Dex: 10    Spells: 9/9 levels left

rFire   . . .        a - +1 war axe
rCold   + . .        c - +0 buckler
rNeg    + . .        y - +0 plate armour
rPois   .            (no helmet)
rElec   .            (no cloak)
rCorr   .            (no gloves)
SInv    .            u - +3 pair of mountain boots {steadfast, rC+}
Will    .....        r - amulet of regeneration Stlth
                     s - ring of positive energy
HPRegen 1.15/turn    A - +6 ring of strength
MPRegen 0.14/turn

%: no passive effects
@: lethally poisoned (-1 -> -30), about to teleport, slowed, very slow
A: no striking features
a: Renounce Religion, Minor Destruction


You were on level 8 of the Dungeon.
You worshipped Makhleb.
Makhleb was pleased with you.
You visited 2 branches of the dungeon, and saw 9 of its levels.
You also visited: Ossuary.

You collected 643 gold pieces.
You spent 468 gold pieces at shops.

Inventory:

Hand Weapons
 a - a +1 war axe (weapon)
 g - a +0 falchion
 m - a +0 mace
 q - a +0 flail
Missiles
 e - 2 javelins (quivered)
Armour
 b - a +1 scale mail
 c - a +0 buckler (worn)
 u - the +3 pair of mountain boots (worn) {steadfast, rC+}
   (You found it on level 4 of the Dungeon)

   Steadfast: It prevents involuntary movement, except for blinking,
   teleportation, or banishment.
   rC+:       It protects you from cold.
 y - a +0 plate armour (worn)
Magical Staves
 d - a staff of conjuration
Jewellery
 p - an amulet of magic regeneration
 r - an amulet of regeneration (around neck)
 s - a ring of positive energy (left hand)
 A - a +6 ring of strength (right hand)
Talismans
 n - a serpent talisman
Wands
 t - a wand of flame (25)
Scrolls
 h - 4 scrolls of immolation
 j - a scroll of fear
 o - a scroll of teleportation
 z - a scroll of amnesia
 B - a scroll of enchant weapon
 F - 3 scrolls of poison
 G - a scroll of blinking {unknown}
Potions
 f - a potion of attraction
 i - a potion of heal wounds {unknown}
 k - 5 potions of brilliance
 l - 2 potions of enlightenment
 v - 3 potions of haste
 w - 3 potions of resistance
 x - 2 potions of curing
 C - 3 potions of invisibility
 D - a potion of magic {unknown}
 E - 2 potions of cancellation {unknown}


   Skills:
 + Level 8.5 Fighting
 + Level 8.8 Axes
 + Level 7.7 Armour
 + Level 7.8 Shields
 + Level 6.3 Invocations


You had 9 spell levels left.
You didn't know any spells.
Your spell library contained the following spells:

 Spells                   Type           Power      Damage    Failure   Level
 Sublimation of Blood     Necr           0%         N/A       99%         2
 Animate Dead             Necr           0%         N/A       100%        4
 Petrify                  Alch/Erth      0%         N/A       100%        4
 Irradiate                Conj/Alch      0%         3d11      100%        5
 Haunt                    Necr/Summ      0%         N/A       100%        7
 Infestation              Necr           0%         N/A       100%        8


Dungeon Overview and Level Annotations

Branches:
Dungeon (8/15)             Temple (1/1) D:7         Ossuary (visited)
   Lair: D:8-11

Altars:
Dithmenos
Elyvilon
Gozag
Hepliaklqana
Kikubaaqudgha
Makhleb
Nemelex Xobeh
Qazlal
Sif Muna
Uskayaw
Vehumet
Wu Jian
Xom
Yredelemnul

Shops:
D:8 =


Message History

You see here a +0 whip.
You feel sick.
You see here a +0 club.
You feel sick.
You feel sick.
The kobold brigand throws a curare-tipped dart.
The curare-tipped dart barely misses you.
You feel sick.
You are no longer poisoned.
The kobold brigand throws a curare-tipped dart.
The curare-tipped dart hits you.
You are poisoned.
You have difficulty breathing.
You feel as though you will be slow longer.
You feel very sick.
The kobold brigand throws a curare-tipped dart.
The curare-tipped dart hits you.
You are more poisoned.
You have difficulty breathing.
You feel as though you will be slow longer.
You feel extremely sick.
The kobold brigand throws a curare-tipped dart.
The curare-tipped dart hits you.
You are more poisoned.
You have difficulty breathing.
You feel as though you will be slow longer. 2 kobolds come into view.
* * * LOW HITPOINT WARNING * * *
You feel extremely sick.
The kobold shouts! x2
The kobold brigand throws a curare-tipped dart.
The curare-tipped dart hits you.
You are lethally poisoned!
You have difficulty breathing.
* * * LOW HITPOINT WARNING * * *
You feel as though you will be slow longer.
Okay, then.
As you read the scroll of teleportation, it crumbles to dust.
You feel strangely unstable.
You die...

#......... #.... #.........
#.... #.#######. #.... ##K#
#.... ####))#######. #....
#..K))..............
#.#######.#K##########.###.#
#.......#.#.#........#.###..
#######...#@#.######.#..##.#
##..#.#.#....#.#...#.#
#..#.#.#.##.#.#...#.#
#..#.#.#.∩#.#.#.#...#
#..#.#.####.#.#...#.#
#..#.#......#.#..##.#
#..#.########.#.###.#
#..#..........#.##..#
#..############.##.##


You could see a kobold brigand and 2 kobolds.

Vanquished Creatures
  A hornet (D:8)
  Prince Ribbit (D:8)
  2 water moccasins
  2 ice beasts
  A sky beast (D:7)
  2 black bears
  An ogre (D:7)
  2 centaurs (D:7)
  3 phantoms
  2 bullfrogs
  2 weeping skulls (Ossuary)
  3 kobold brigands
  A gnoll sergeant (D:8)
  6 scorpions
  3 human zombies (Ossuary)
  2 bombardier beetles
  A gnoll bouda (D:7)
  2 orc priests (D:8)
  A hound (D:5)
  A sleepcap (D:4)
  Natasha (thrice) (D:2)
  4 iguanas
  5 orc wizards
  3 mummies
  10 gnolls
  A river rat (D:4)
  4 adders (D:5)
  A white imp (D:5)
  An adder zombie (Ossuary)
  2 dart slugs
  21 orcs
  8 endoplasms
  5 giant cockroaches
  3 goblins
  9 hobgoblins
  A jackal (D:1)
  4 quokkas
  8 ball pythons
  3 bats
  4 frilled lizards
  22 kobolds
  5 kobold zombies
  13 rats
179 creatures vanquished.

Notes
Turn   | Place    | Note
-------+----------+-------------------------------------------
     0 | D:1      | Hopman the Hill Orc Fighter began the quest for the Orb.
     0 | D:1      | Reached XP level 1. HP: 19/19 MP: 1/1
   141 | D:1      | Reached XP level 2. HP: 27/27 MP: 2/2
   525 | D:2      | Found a faded altar of an unknown god.
   583 | D:2      | Reached XP level 3. HP: 28/33 MP: 3/3
   654 | D:2      | Noticed Natasha
   667 | D:2      | Killed Natasha
   894 | D:2      | Reached XP level 4. HP: 40/40 MP: 4/4
  1089 | D:2      | Noticed Natasha
  1098 | D:2      | Killed Natasha
  1207 | D:2      | Noticed Natasha
  1225 | D:2      | Killed Natasha
  1408 | D:3      | Noticed a scorpion
  1416 | D:3      | Killed a scorpion
  1417 | D:3      | Reached XP level 5. HP: 45/47 MP: 5/5
  1419 | D:3      | Found a shimmering altar of Xom.
  1653 | D:3      | Noticed a black bear
  1679 | D:3      | Killed a black bear
  1680 | D:3      | Reached skill level 5 in Fighting
  1680 | D:3      | Reached XP level 6. HP: 39/56 MP: 6/6
  2306 | D:4      | Reached skill level 5 in Axes
  2430 | D:4      | Reached skill level 5 in Armour
  2430 | D:4      | Reached skill level 5 in Shields
  2550 | D:4      | Reached XP level 7. HP: 56/61 MP: 7/7
  2688 | D:4      | Found the +3 pair of mountain boots {steadfast, rC+}
  3160 | D:5      | Entered Level 5 of the Dungeon
  3246 | D:5      | Found a basalt altar of Yredelemnul.
  3247 | D:5      | Found a shadowy altar of Dithmenos.
  3247 | D:5      | Found a stormy altar of Qazlal.
  3248 | D:5      | Found a burning altar of Makhleb.
  3271 | D:5      | Became a worshipper of Makhleb the Destroyer
  3338 | D:5      | Reached skill level 1 in Invocations
  3584 | D:5      | Reached XP level 8. HP: 70/70 MP: 9/9
  4247 | D:6      | Reached * piety under Makhleb
  5019 | D:7      | Found a sand-covered staircase.
  5026 | Ossuary  | Entered an ossuary
  5026 | Ossuary  | Found a huge runed translucent gate.
  5026 | Ossuary  | Found a huge runed translucent gate.
  5026 | Ossuary  | Found a huge runed translucent gate.
  5026 | Ossuary  | Found a huge runed translucent gate.
  5026 | Ossuary  | Found a huge runed translucent gate.
  5026 | Ossuary  | Found a huge runed translucent gate.
  5026 | Ossuary  | Found a huge runed translucent gate.
  5026 | Ossuary  | Found a huge runed translucent gate.
  5027 | Ossuary  | Found a huge runed translucent gate.
  5027 | Ossuary  | Found a huge runed translucent gate.
  5027 | Ossuary  | Found a huge runed translucent gate.
  5028 | Ossuary  | Found a huge runed translucent gate.
  5028 | Ossuary  | Found a huge runed translucent gate.
  5030 | Ossuary  | Found a huge runed translucent gate.
  5030 | Ossuary  | Found a huge runed translucent gate.
  5061 | Ossuary  | Found a huge runed translucent gate.
  5061 | Ossuary  | Found a huge runed translucent gate.
  5061 | Ossuary  | Found a huge runed translucent gate.
  5061 | Ossuary  | Found a huge runed translucent gate.
  5062 | Ossuary  | Found a huge runed translucent gate.
  5062 | Ossuary  | Found a huge runed translucent gate.
  5064 | Ossuary  | Found a huge runed translucent gate.
  5064 | Ossuary  | Found a huge runed translucent gate.
  5065 | Ossuary  | Found a huge runed translucent gate.
  5065 | Ossuary  | Found a huge runed translucent gate.
  5066 | Ossuary  | Found a huge runed translucent gate.
  5066 | Ossuary  | Found a huge runed translucent gate.
  5066 | Ossuary  | Found a huge runed translucent gate.
  5068 | Ossuary  | Found a huge runed translucent gate.
  5068 | Ossuary  | Found a huge runed translucent gate.
  5079 | Ossuary  | Found a huge runed translucent gate.
  5079 | Ossuary  | Found a huge runed translucent gate.
  5079 | Ossuary  | Found a huge runed translucent gate.
  5079 | Ossuary  | Found a huge runed translucent gate.
  5079 | Ossuary  | Found a huge runed translucent gate.
  5105 | Ossuary  | Reached XP level 9. HP: 69/79 MP: 12/12
  5333 | D:7      | Reached skill level 5 in Invocations
  5344 | D:7      | Reached ** piety under Makhleb
  5438 | D:7      | Found a staircase to the Ecumenical Temple.
  5447 | Temple   | Entered the Ecumenical Temple
  5965 | D:8      | Found a shimmering blue altar of Sif Muna.
  5966 | D:8      | Noticed Prince Ribbit
  5979 | D:8      | Killed Prince Ribbit
  6217 | D:8      | Found Pyuxej's Jewellery Shop.
  6317 | D:8      | Bought a +6 ring of strength for 468 gold pieces
  6383 | D:8      | Noticed a hornet
  6390 | D:8      | Paralysed by a hornet for 1 turns
  6397 | D:8      | Killed a hornet
  6398 | D:8      | Reached XP level 10. HP: 57/90 MP: 14/14
  6418 | D:8      | Succumbed to a kobold brigand's curare-tipped dart

Illustrated notes

Levels and vault maps discovered:
D:1:      giann_bridges, layout_rooms, minmay_misc_feat_plants,
          minmay_split_cup_small
D:2:      layout_loops_ring, ebering_ecumenical_altar_hall, uniq_natasha
D:3:      layout_loops_ring, xom_butterflies
D:4:      layout_loops_corners, portal_sewer_entry_e, kennysheep_generic_room_11
D:5:      layout_loops_corners, chequers_temple_overflow_statue_of_worship
D:6:      layout_rooms, serial_corexii_hall, chequers_hall_statues_corner_a,
          corexii_hall_statues_x, minmay_mini_ossuary
D:7:      layout_layer_cave, minmay_temple_entry_poolview,
          chequers_ossuary_entry_cave, st_stairs_3
D:8:      layout_basic, lemuel_crystal_altar, minmay_misc_feat_diagonals,
          nicolae_inconvenience_store, serial_bayou_crossing,
          uniq_prince_ribbit1
Temple:   hellmonk_temple_forest_ring

Skill      XL: |  1  2  3  4  5  6  7  8  9 |
---------------+----------------------------+-----
Axes           | 3 4 5 6 7 8 |  8.8
Fighting       | 4 5 6 7 8 |  8.5
Armour         | 4 5 6 7 |  7.7
Shields        | 4 5 6 7 |  7.8
Invocations    | 1 4 6 |  6.3

Action                     |  1- 3 |  4- 6 |  7- 9 | 10-12 || total
---------------------------+-------+-------+-------+-------++-------
  Melee: War axe           |    76 |   139 |   383 |       ||   598
  Throw: Javelin           |       |       |     1 |       ||     1
    Use: Potion            |     1 |       |     2 |       ||     3
         Scroll            |       |     9 |     9 |     1 ||    19
 Armour: Scale mail        |    49 |   103 |    84 |       ||   236
         Plate armour      |       |       |   229 |       ||   229
  Dodge: Dodged            |    30 |    60 |   123 |     1 ||   214
  Block: Buckler           |    20 |    24 |    99 |       ||   143

Table legend: (Time is in decaauts)
 A = Elapsed time spent in this place.
 B = Non-inter-level travel time spent in this place.
 C = Inter-level travel time spent in this place.
 D = Time resting spent in this place.
 E = Time spent auto-exploring this place.
 F = Levels seen in this place.
 G = Mean time per level.
                   A        B        C        D        E       F      G
               +--------+--------+--------+--------+--------+-----+--------+
         Total |   6631 |   6383 |    248 |    306 |   4050 |  10 |  663.1 |
       Dungeon |   6480 |   6232 |    248 |    300 |   4016 |   8 |  810.0 |
        Temple |      1 |      1 |      0 |      0 |      0 |   1 |    1.0 |
       Ossuary |    149 |    149 |      0 |      6 |     34 |   1 |  149.0 |
               +--------+--------+--------+--------+--------+-----+--------+

Top non-repeatable levels by time:
     D:5: 1060 daAuts
     D:3: 1033 daAuts
     D:4: 950 daAuts
     D:2: 811 daAuts
     D:7: 804 daAuts
     D:6: 726 daAuts
     D:8: 572 daAuts
     D:1: 519 daAuts
 Ossuary: 149 daAuts
  Temple: 1 daAuts
